AoeStats
← Zwanno

Migration

510087964Analyzed
1v1 RM · 1d ago on Sep 29, 2026· 66m 52s· 2 players
Game mode
Random Map
Map size
132×132
Population
200
Speed
Normal
Resources
Standard
Victory
Conquest
Starting age
Dark Age
Ending age
Imperial Age
RankedLock teamsTeams togetherTeam positionsShared explorationLock speedFull tech treeHidden civsTurbo modeCheats
Victory
Defeat
🇸🇰 Danes · Slovakia
848
+18
🇺🇸 Varangians · United States
882
-18
Zwanno
9:24 Loom
11:52 Feudal Age
12:27 Double-Bit Axe
13:17 Fishing Lines
18:39 Castle Age
17:14 Forging
16:55 Fletching
16:59 Gold Mining
17:51 Horse Collar
19:20 Wheelbarrow
19:34 Arson
20:11 Medium Warships
21:11 Town Watch
24:30 Gold Shaft Mining
23:45 Stone Mining
25:40 Gambesons
26:32 Bodkin Arrow
27:04 Bow Saw
27:27 Careening
27:38 Ballistics
29:57 Gillnets
31:12 Hamask
36:25 Imperial Age
34:27 Scale Mail Armor
38:00 Heavy Warships
38:58 Conscription
39:41 Town Patrol
39:56 Hand Cart
39:11 Elite Longship
39:37 Elite Skirmisher
41:33 Chemistry
41:35 Dry Dock
46:03 Thumb Ring
46:04 Bracer
46:04 Padded Archer Armor
46:21 Chain Mail Armor
46:41 Iron Casting
48:17 Shipwright
48:23 Northmen's Fury
54:51 Squires
54:12 Elite Varangian Guard
55:12 Leather Archer Armor
55:12 Clinker Construction
55:14 Masonry
55:13 Siege Engineers
55:32 Elite Jomsviking
56:59 Capped Ram
58:51 Heavy Plow
59:31 Gold Shaft Mining
Your Mother
11:25 Feudal Age
11:55 Loom
13:27 Wheelbarrow
12:38 Town Watch
12:43 Double-Bit Axe
15:40 Fishing Lines
16:15 Horse Collar
17:39 Forging
17:21 Fletching
20:26 Gold Mining
23:47 Castle Age
22:06 Scale Mail Armor
22:24 Stone Mining
24:20 Gillnets
24:43 Medium Warships
24:51 Hand Cart
24:58 Bow Saw
26:42 Bloodlines
27:26 Stone Shaft Mining
26:14 Pikeman
26:58 Husbandry
31:17 Padded Archer Armor
31:13 Bodkin Arrow
31:33 Chain Mail Armor
33:47 Leather Archer Armor
34:00 Siphons
37:21 Heavy Plow
39:06 Scale Barding Armor
40:21 Iron Casting
41:18 Squires
44:02 Imperial Age
44:47 Chain Barding Armor
45:42 Heavy Warships
46:26 Conscription
45:29 Vendel Legacy
48:36 Bracer
51:10 Two-Man Saw
51:46 Elite Skirmisher
57:32 Ballistics
57:29 Incendiaries
59:39 Ring Archer Armor
60:09 Blast Furnace
59:41 Plate Mail Armor
63:59 Town Patrol
65:50 Heavy Scorpion
Connection lost

Rejoining the realm…

Still unreachable

The connection could not be restored.

Session expired

The server has moved on; the page needs a fresh start.